Map: Ascension to Aiur LE

Players

aLive

  • Race: Terran Terran
  • Spawn Location: 11:00

Stats - Winner!

  • Race: Protoss Protoss
  • League: Master
  • Spawn Location: 5:00

Event: HomeStory Cup XVI

VOD

Have the link to the VOD?

Description

Time

  • Played on: Nov. 12, 2017, 9:22 a.m.
  • Length: 12:52

All games in this series

Show
View Real Time Build Order
Export as new Build Order

aLive Terran 

Build Orders: Liberator Opening, MMM Bio 

Get SALT Encoding   

  12  0:00  SCV  
  13  0:12  SCV  
  14  0:17  Supply Depot  
  14  0:25  SCV  
  15  0:39  SCV  
  15  0:40  Barracks  
  16  0:44  Refinery  
  16  0:51  SCV  
  17  1:03  SCV  
  18  1:15  SCV  
  19  1:26  Marine  
  19  1:27  Orbital Command  
  20  1:42  Command Center  
  20  1:52  Factory  
  20  1:56  SCV  
  21  2:04  Refinery, Barracks Reactor  
  22  2:08  SCV  
  22  2:14  Supply Depot  
  22  2:20  SCV  
  23  2:36  Starport, SCV  
  24  2:40  Marine x2  
  24  2:42  Widow Mine  
  28  2:48  SCV  
  26  2:58  Orbital Command  
  29  3:00  SCV  
  29  3:01  Marine  
  29  3:03  Marine  
  32  3:12  SCV  
  33  3:13  Medivac  
  35  3:20  Cyclone  
  35  3:25  SCV  
  35  3:26  SCV  
  35  3:27  Marine  
  40  3:29  Marine  
  42  3:34  Supply Depot  
  42  3:39  SCV x2  
  42  3:40  Liberator  
  44  3:51  SCV x2  
  44  3:54  Barracks  
  48  4:03  Supply Depot, SCV x2  
  48  4:07  Marine x2  
  50  4:17  SCV x2  
  50  4:20  Barracks  
  52  4:25  Refinery, Engineering Bay  
  52  4:26  Supply Depot  
  52  4:32  SCV x2  
  52  4:33  Marine x2  
  52  4:35  Factory Tech Lab  
  55  4:44  Supply Depot, SCV x2  
  51  4:48  Barracks Tech Lab  
  51  4:50  Terran Infantry Weapons Level 1  
  49  4:56  SCV x2  
  49  4:57  Starport Reactor  
  49  4:58  Missile Turret  
  51  5:02  Marine x2  
  51  5:04  Factory Reactor  
  53  5:09  Bunker  
  53  5:10  Marine  
  53  5:11  Stimpack  
  53  5:12  SCV x2  
  53  5:16  Combat Shields, Marine  
  54  5:21  Marine x2  
  58  5:28  Marauder  
  58  5:34  Marauder  
  60  5:38  Barracks  
  60  5:40  Barracks, Marine x2  
  62  5:44  Widow Mine x2  
  62  5:45  Medivac  
  62  5:48  SCV x2  
  57  5:57  Marine  
  57  5:58  Marine x3  
  61  6:04  SCV x2  
  63  6:13  Supply Depot  
  61  6:23  Marine x2  
  61  6:25  SCV x2  
  63  6:28  Barracks Reactor, Barracks Tech Lab  
  63  6:29  Widow Mine  
  63  6:30  Medivac, Widow Mine  
  63  6:31  Medivac  
  68  6:37  Concussive Shells  
  70  6:41  Marauder x2  
  70  6:44  Supply Depot, SCV x2  
  70  6:46  Terran Infantry Armor Level 1  
  74  6:48  Marine  
  74  6:49  Marine x2  
  77  6:59  Missile Turret  
  77  7:01  Widow Mine x2  
  77  7:04  Marine x2  
  77  7:05  Marauder  
  77  7:06  Marauder  
  87  7:14  Marine x2  
  89  7:16  SCV  
  89  7:17  Refinery, SCV  
  89  7:20  Supply Depot  
  89  7:21  Supply Depot  
  91  7:31  Medivac  
  91  7:33  Marine  
  94  7:42  Medivac, Marauder x2, Marine x2  
  94  7:43  Marine  
  103  7:46  Supply Depot  
  103  7:48  Supply Depot  
  102  8:02  Command Center  
  102  8:09  Liberator x2  
  102  8:11  Marine x4  
  102  8:12  Marauder x3  
  112  8:16  SCV x2  
  120  8:31  Supply Depot  
  97  8:42  Marine x3  
  97  8:43  Marauder x2  
  102  8:56  Supply Depot  
  102  8:57  Starport, SCV x2  
  104  9:03  Liberator x2, Marine  
  104  9:04  Armory, Marine x3  
  104  9:09  Marauder x2  
  116  9:28  Orbital Command  
  116  9:38  Liberator x2  
  116  9:42  Marine x4  
  126  9:57  SCV x3  
  126  9:58  Terran Infantry Weapons Level 2  
  126  9:59  Terran Ship Weapons Level 1  
  129  10:03  Supply Depot  
  129  10:04  Supply Depot  
  129  10:10  Marine x4  
  129  10:14  Refinery x2  
  133  10:19  Marauder x2  
  133  10:20  Marauder  
  139  10:23  Engineering Bay  
  139  10:24  SCV x3  
  142  10:31  Liberator x2  
  142  10:32  Liberator, Marine x2  
  142  10:33  Marine x2  
  145  10:43  Barracks  
  145  10:47  Barracks  
  154  10:54  Liberator  
  149  10:57  Marine x4  
  149  11:00  Marauder x3  
  149  11:04  SCV x3  
  162  11:09  Supply Depot  
  162  11:11  Supply Depot  
  154  11:36  Marine x4  
  154  11:37  Marauder x3  
  134  11:43  Barracks Reactor, Barracks Tech Lab  
  128  11:49  Liberator  
  116  11:54  Medivac  
  116  11:55  Medivac x2  
  116  11:58  Marine x2  
  116  11:59  Marine x2  
  116  12:00  Marauder x3  
  119  12:14  Sensor Tower  
  113  12:21  Marine x6  
  119  12:23  Marauder x2  
  129  12:38  SCV x3  
Show
View Real Time Build Order
Export as new Build Order

Stats Protoss - Winner!

Build Orders: 1 Gate Expand, Double Forge, Oracle Opening 

Get SALT Encoding   

  12  0:02  Probe (Chrono Boost)  
  14  0:14  Probe (Chrono Boost)  
  14  0:18  Pylon  
  14  0:26  Probe (Chrono Boost)  
  15  0:32  Probe (Chrono Boost)  
  15  0:37  Gateway  
  15  0:41  Probe (Chrono Boost)  
  17  0:45  Assimilator  
  17  0:53  Probe (Chrono Boost)  
  18  0:59  Probe (Chrono Boost)  
  19  1:07  Probe (Chrono Boost)  
  20  1:24  Nexus  
  20  1:33  Cybernetics Core  
  20  1:37  Probe (Chrono Boost)  
  21  1:43  Assimilator  
  21  1:49  Probe (Chrono Boost)  
  21  1:51  Pylon  
  22  2:00  Stalker  
  23  2:02  Probe (Chrono Boost)  
  23  2:11  Warp Gate  
  23  2:14  Probe (Chrono Boost)  
  26  2:26  Probe (Chrono Boost)  
  26  2:27  Stargate  
  27  2:34  Probe (Chrono Boost)  
  27  2:36  Stalker  
  31  2:38  Probe (Chrono Boost)  
  31  2:40  Probe (Chrono Boost)  
  31  2:50  Probe (Chrono Boost)  
  33  2:55  Probe (Chrono Boost)  
  34  3:02  Oracle, Probe (Chrono Boost)  
  34  3:04  Gateway  
  35  3:07  Gateway  
  35  3:08  Probe (Chrono Boost)  
  36  3:17  Probe (Chrono Boost)  
  41  3:20  Probe (Chrono Boost)  
  41  3:29  Probe (Chrono Boost)  
  41  3:30  Pylon  
  41  3:31  Pylon  
  41  3:32  Probe (Chrono Boost)  
  43  3:38  Oracle  
  44  3:41  Probe (Chrono Boost)  
  44  3:44  Probe (Chrono Boost)  
  48  3:53  Assimilator  
  48  3:54  Assimilator, Probe (Chrono Boost)  
  48  3:56  Probe (Chrono Boost)  
  48  4:06  Probe (Chrono Boost)  
  48  4:08  Probe (Chrono Boost)  
  50  4:14  Phoenix  
  52  4:19  Stalker x3  
  58  4:25  Probe (Chrono Boost), Pylon  
  58  4:26  Shield Battery, Probe (Chrono Boost)  
  58  4:46  Stalker x3  
  58  4:52  Twilight Council  
  64  4:56  Forge x2  
  66  5:00  Probe x2 (Chrono Boost)  
  66  5:02  Pylon  
  66  5:12  Protoss Ground Weapons Level 1  
  66  5:16  Blink  
  66  5:22  Nexus  
  66  5:27  Stalker x3  
  72  5:41  Protoss Ground Armor Level 1  
  72  5:58  Probe x2 (Chrono Boost)  
  72  6:05  Robotics Facility  
  72  6:07  Stalker  
  72  6:08  Sentry  
  72  6:10  Sentry, Pylon  
  78  6:13  Pylon  
  78  6:32  Gateway x2, Sentry  
  80  6:34  Gateway  
  80  6:37  Probe x2 (Chrono Boost)  
  80  6:38  Probe (Chrono Boost)  
  83  6:44  Stalker  
  83  6:45  Stalker  
  87  6:49  Probe (Chrono Boost)  
  87  6:52  Probe x2 (Chrono Boost)  
  90  7:00  Observer  
  92  7:01  Probe (Chrono Boost)  
  92  7:03  Protoss Ground Weapons Level 2  
  92  7:04  Probe x2 (Chrono Boost)  
  94  7:13  Probe (Chrono Boost)  
  93  7:17  Resonating Glaives  
  93  7:22  Probe x2 (Chrono Boost)  
  95  7:23  Adept x3  
  95  7:24  Observer  
  95  7:26  Probe (Chrono Boost)  
  103  7:34  Adept  
  103  7:35  Adept x2  
  109  7:38  Pylon  
  109  7:39  Pylon  
  109  7:41  Pylon  
  109  7:47  Protoss Ground Armor Level 2  
  109  7:57  Immortal  
  113  8:00  Adept  
  113  8:01  Adept x4  
  113  8:03  Shield Battery  
  113  8:04  Adept  
  125  8:07  Assimilator  
  125  8:09  Shield Battery  
  125  8:12  Assimilator  
  128  8:13  Probe (Chrono Boost)  
  128  8:14  Probe x2 (Chrono Boost)  
  128  8:23  Adept x2, Pylon  
  128  8:24  Pylon  
  128  8:25  Probe (Chrono Boost)  
  133  8:34  Probe x2 (Chrono Boost)  
  133  8:37  Adept x2  
  133  8:40  Adept x2, Immortal  
  111  8:49  Adept x2  
  119  8:59  Adept x2  
  123  9:03  Robotics Bay  
  123  9:04  Stalker x2  
  123  9:05  Pylon  
  127  9:16  Adept x2  
  127  9:17  Protoss Ground Weapons Level 3  
  131  9:20  Observer, Pylon  
  132  9:37  Stalker, Sentry  
  132  9:38  Stalker  
  138  9:40  Adept x2  
  138  9:41  Adept, Colossus  
  138  9:45  Nexus  
  144  9:48  Pylon  
  140  9:55  Extended Thermal Lance  
  146  10:00  Pylon  
  146  10:01  Pylon  
  144  10:08  Stalker x3  
  144  10:11  Stalker x2  
  152  10:26  Colossus  
  158  10:49  Adept x4  
  166  10:50  Adept x2  
  166  10:51  Pylon  
  171  11:04  Probe x3 (Chrono Boost)  
  171  11:07  Probe (Chrono Boost)  
  171  11:08  Templar Archives  
  171  11:09  Gateway x2  
  172  11:22  Adept x3  
  172  11:23  Adept x3  
  160  11:47  Stalker x5  
  160  11:48  Stalker  
  172  11:57  Warp Prism  
  178  12:01  Probe x4 (Chrono Boost)  
  178  12:09  Stalker x2  
  178  12:17  Adept x2  
  178  12:18  Adept x4  
  178  12:21  Assimilator  
  190  12:24  Assimilator  
  185  12:38  Stalker x3  
Tags
 
Add a new tag
Caveats
  • Supply blocks, unpowered buildings, or Contaminate may cause inaccurate times.
  • Supply counts are checked every 10 seconds.